 Dungeon Crawl Stone Soup version 0.26.0-10-g1f06aea511 (webtiles) character file.

Game seed: 5679800686027813194

8271 hickop the Carver (level 11, -2/95 HPs)
             Began as a Minotaur Berserker on Jan 22, 2021.
             Was a High Priest of Trog.
             Slain by an acid dragon (5 damage)
             ... on level 10 of the Dungeon.
             The game lasted 00:50:59 (11748 turns).

hickop the Carver (Minotaur Berserker)             Turns: 11748, Time: 00:50:59

Health: -2/95      AC:  1    Str: 23    XL:     11   Next: 7%
Magic:  10/10      EV:  7    Int:  4    God:    Trog [*****.]
Gold:   594        SH: 15    Dex: 12    Spells: 10/10 levels left

rFire    . . .     SeeInvis +   a - +7 long sword (freeze)
rCold    + . .     Faith    .   b - +2 kite shield
rNeg     . . .     Spirit   .   S - +0 plate armour
rPois    .         Reflect  +   (helmet restricted)
rElec    .         Harm     .   (no cloak)
rCorr    .         Rampage  .   (no gloves)
Will     .....                  (no boots)
Stlth    ..........             k - amulet of reflection
HPRegen  0.25/turn              h - ring of protection from cold
MPRegen  0.12/turn              m - ring of see invisible

@: corroded
A: retaliatory headbutt, horns 2
a: Renounce Religion, Berserk, Trog's Hand, Brothers in Arms


You were on level 10 of the Dungeon.
You worshipped Trog.
Trog was extremely pleased with you.
You visited 1 branch of the dungeon, and saw 11 of its levels.

You collected 782 gold pieces.
You spent 188 gold pieces at shops.

Inventory:

Hand Weapons
 a - a +7 long sword of freezing (weapon)
 p - a +2 dagger of venom
 M - a +4 great sword
Missiles
 u - 57 poisoned darts
Armour
 b - a +2 kite shield (worn)
 S - a +0 plate armour (worn)
Jewellery
 e - an uncursed amulet of faith
 h - a ring of protection from cold (left hand)
 i - a +4 ring of evasion {unknown}
 k - an amulet of reflection (around neck)
 m - a ring of see invisible (right hand)
 A - an uncursed ring of resist corrosion {unknown}
Wands
 G - a wand of digging (4)
 I - a wand of acid (9)
 O - a wand of flame (15)
 P - a wand of random effects (22)
Scrolls
 d - 7 scrolls of remove curse
 f - a scroll of enchant armour
 D - 3 scrolls of fog
 E - 2 scrolls of teleportation
 J - a scroll of noise
 K - 2 scrolls of blinking
 L - 2 scrolls of magic mapping
 Q - a scroll of summoning {unknown}
Potions
 c - 2 potions of might
 g - 2 potions of heal wounds
 j - 3 potions of brilliance
 n - a potion of cancellation {unknown}
 o - 3 potions of flight
 q - 2 potions of resistance
 r - 2 potions of ambrosia {unknown}
 s - 2 potions of lignification {unknown}
 t - a potion of curing {unknown}
 w - 3 potions of degeneration {unknown}
 x - 3 potions of haste
 z - a potion of berserk rage {unknown}
 F - a potion of mutation {unknown}
 H - a potion of magic {unknown}
 N - 3 potions of attraction {unknown}


   Skills:
 + Level 8.8 Fighting
 - Level 8.6(10.8) Short Blades
 * Level 11.2(12.5) Long Blades
 - Level 6.5 Axes
 + Level 8.7 Armour
 + Level 6.1 Dodging
 - Level 0.6 Shields


You had 10 spell levels left.
You didn't know any spells.
Your spell library was empty.

Dungeon Overview and Level Annotations

Branches:
Dungeon (11/15)            Temple (0/1) D:6             Orc (0/2) D:9
   Lair: D:8-11

Altars:
Ashenzari
Dithmenos
Hepliaklqana
Okawaru
Ru
Sif Muna
Uskayaw
Wu Jian
Xom
Zin

Shops:
D:4 (   D:5 }*![!

Annotations:
D:10 1 transporter


Innate Abilities, Weirdness & Mutations

You reflexively headbutt those who attack you in melee.
You have a pair of horns on your head.


Message History

The acid dragon is lightly wounded.
You block the jelly's attack. You block the acid dragon's attack.
The acid dragon claws you but does no damage.
The acid dragon spits acid at you. The splash of acid hits you!
The acid corrodes you!
You are splashed with acid!
* * * LOW HITPOINT WARNING * * *
You slash the jelly! You freeze the jelly.
Your hands burn!
* * * LOW HITPOINT WARNING * * *
The jelly is severely wounded.
The jelly closely misses you.
You riposte.
You hit the jelly. You freeze the jelly. You headbutt the jelly.
You kill the jelly!
Trog accepts your kill. The acid dragon spits acid at you.
The splash of acid hits you!
* * * LOW HITPOINT WARNING * * *
The acid corrodes you!
You are splashed with acid!
* * * LOW HITPOINT WARNING * * *
You block the acid dragon's attack. The acid dragon claws you.
You die...

#○..?©=○°°#..........##
#°○○[($○°.#..........##
#○○°°°°○.○#..........##
#.○☼°☼.○○○#...........#
○○°○☼○○°#####.....#.#
###☼.○### #....)#[#
#☼°....☼# #...[.#..
#○°#.#○°# #.....##.
#○○DD@○°# #.....##.
#°○#©#°○# #.....##.
#☼○○°☼☼○# #.....##.
#☼☼○°☼☼○######.....##.
#########..........###
#..©.....##########
#.....#### ###...#
#####


You could see 2 acid dragons.

Vanquished Creatures
  A komodo dragon (D:11)
  A troll (D:11)
  Grinder (D:5)
  A hornet (D:10)
  A human (D:9)
  Sigmund (D:5)
  A wraith (D:11)
  A wyvern (D:9)
  A warg (D:9)
  A water moccasin (D:9)
  4 ice beasts
  4 black bears
  2 sky beasts
  5 orc warriors
  4 ogres
  4 wolves (D:11)
  2 necrophages
  A phantom (D:10)
  A centaur (D:6)
  7 big kobolds
  8 bullfrogs
  A gnoll sergeant (D:9)
  A scorpion (D:7)
  3 killer bees (D:11)
  23 wights
  3 howler monkeys
  11 hounds
  2 bullfrog skeletons
  9 orc priests
  7 jellies
  8 worker ants
  8 orc wizards
  5 iguanas
  2 worker ant zombies
  12 adders
  9 gnolls
  3 shadow imps
  4 white imps
  3 ufetubi
  2 oozes
  An adder skeleton (D:8)
  5 worms
  A dart slug (D:1)
  2 leopard geckos
  32 orcs
  4 giant cockroaches
  9 hobgoblins
  8 jackals (D:3)
  A quokka (D:10)
  2 ball pythons
  7 bats
  A frilled lizard (D:4)
  4 goblins
  69 kobolds
  A leopard gecko zombie (D:7)
  5 rats
320 creatures vanquished.

Vanquished Creatures (others)
  An orc wizard (D:5)
  33 plants (D:4)
34 creatures vanquished.

Grand Total: 354 creatures vanquished

Notes
Turn   | Place    | Note
-------+----------+-------------------------------------------
     0 | D:1      | hickop the Minotaur Berserker began the quest for the Orb.
     0 | D:1      | Reached XP level 1. HP: 19/19 MP: 0/0
   315 | D:1      | Reached XP level 2. HP: 27/27 MP: 1/1
   850 | D:2      | Reached XP level 3. HP: 33/33 MP: 2/2
  1161 | D:2      | Reached ** piety under Trog
  1252 | D:2      | Reached skill level 5 in Axes
  1252 | D:2      | Reached XP level 4. HP: 41/41 MP: 3/3
  1628 | D:2      | Noticed an angel
  1629 | D:2      | Found a glowing silver altar of Zin.
  1920 | D:3      | Found a sacrificial altar of Ru.
  1920 | D:3      | Found a hide-covered altar of Uskayaw.
  2214 | D:3      | Found an iron altar of Okawaru.
  2312 | D:3      | Reached skill level 1 in Short Blades
  2312 | D:3      | Reached XP level 5. HP: 43/47 MP: 4/4
  2499 | D:4      | Found Uzem's Antique Weapon Shop.
  2554 | D:4      | Found a shimmering blue altar of Sif Muna.
  2833 | D:4      | Reached skill level 5 in Fighting
  2987 | D:4      | HP: 2/48 [poisoned by a kobold]
  3680 | D:5      | Entered Level 5 of the Dungeon
  3683 | D:5      | Noticed Sigmund
  3701 | D:5      | Reached XP level 6. HP: 37/56 MP: 5/5
  3966 | D:5      | Found Enweobi's Armour Emporium.
  3982 | D:5      | Found Ewagoc's Distillery.
  3999 | D:5      | Bought a potion of flight for 36 gold pieces
  4328 | D:5      | Killed Sigmund
  4329 | D:5      | Reached XP level 7. HP: 28/62 MP: 6/6
  4331 | D:5      | Found Nogh's General Store.
  4515 | D:5      | Got an ivory dagger
  4517 | D:5      | Bought a scroll of identify for 22 gold pieces
  4517 | D:5      | Identified the cursed +2 dagger of Peril {drain, Will+
                  | Str+3} (You found it on level 5 of the Dungeon)
  4584 | D:5      | Found Engit's Gadget Boutique.
  4833 | D:5      | Reached skill level 5 in Dodging
  5060 | D:5      | Reached *** piety under Trog
  5174 | D:5      | Reached XP level 8. HP: 68/71 MP: 7/7
  5272 | D:5      | Noticed Grinder
  5294 | D:5      | Killed Grinder
  5295 | D:5      | Reached skill level 5 in Armour
  5306 | D:5      | Reached skill level 5 in Short Blades
  5307 | D:5      | Reached **** piety under Trog
  5641 | D:5      | Found Inathuag's Distillery.
  5650 | D:5      | Bought a potion of haste for 130 gold pieces
  6036 | D:6      | Found a shadowy altar of Dithmenos.
  6179 | D:6      | Found a staircase to the Ecumenical Temple.
  6315 | D:6      | Reached XP level 9. HP: 71/79 MP: 8/8
  6556 | D:6      | Found a shimmering altar of Xom.
  6909 | D:7      | Found a broken altar of Ashenzari.
  7528 | D:7      | Found a hazy altar of Hepliaklqana.
  8307 | D:8      | Found an ornate altar of the Wu Jian Council.
  8581 | D:8      | Reached skill level 1 in Long Blades
  8595 | D:8      | Reached skill level 2 in Long Blades
  8968 | D:9      | Reached skill level 3 in Long Blades
  9093 | D:9      | Reached ***** piety under Trog
  9094 | D:9      | Reached skill level 4 in Long Blades
  9195 | D:9      | Reached skill level 5 in Long Blades
  9195 | D:9      | Reached XP level 10. HP: 83/88 MP: 9/9
  9246 | D:9      | Found a staircase to the Orcish Mines.
  9265 | D:9      | Reached skill level 6 in Long Blades
  9596 | D:9      | Reached skill level 7 in Long Blades
 10197 | D:10     | Entered Level 10 of the Dungeon
 10232 | D:10     | Reached skill level 8 in Long Blades
 10457 | D:10     | Reached skill level 9 in Long Blades
 10496 | D:10     | Found a transporter.
 10517 | D:10     | Received a gift from Trog
 10836 | D:10     | Reached skill level 10 in Long Blades
 11070 | D:10     | Found a transporter.
 11559 | D:11     | Reached skill level 11 in Long Blades
 11559 | D:11     | Reached XP level 11. HP: 91/95 MP: 10/10
 11671 | D:11     | Noticed a two-headed ogre
 11747 | D:10     | HP: 2/95 [acid (9)]
 11748 | D:10     | Slain by an acid dragon

Illustrated notes

Levels and vault maps discovered:
D:1:      elethiomel_arrival_quiet, layout_basic, minmay_misc_feat_rugged
D:2:      layout_rooms, zin_angel
D:3:      layout_rooms, grunt_temple_overflow_open,
          lemuel_coloured_pillars_altar
D:4:      kennysheep_kobold_camp, layout_basic, led_sif_pool, serial_shops,
          kennysheep_little_box
D:5:      minmay_goblin_kobold_castle, layout_basic, serial_shops, shop,
          shop_fountains, shop_coins, shop, shop_statue, minivault_11,
          minmay_door_square, uniq_sigmund, uniq_grinder
D:6:      layout_loops_cross, lemuel_crystal_altar, lemuel_doored_altar,
          temple_green
D:7:      layout_basic, nzn_hepliaklqana_mist_gate,
          ashenzari_conservatory_becter
D:8:      layout_loops_ring, nzn_wu_jian_contemplation
D:9:      layout_basic, erik_orc_4
D:10:     gammafunk_cloud_chamber, layout_basic
D:11:     layout_basic, erik_lair_island

Skill      XL: |  1  2  3  4  5  6  7  8  9 10 |
---------------+-------------------------------+-----
Fighting       | 4 5 6 7 8 |  8.8
Axes           | 4 5 6 |  6.5
Dodging        | 3 4 5 6 |  6.1
Short Blades   | 1 2 4 6 8 |  8.6
Armour         | 3 4 6 8 |  8.7
Long Blades    | 5 11 | 11.2
Shields        | |  0.6

Action                   |  1- 3 |  4- 6 |  7- 9 | 10-12 || total
-------------------------+-------+-------+-------+-------++-------
Melee: Hand axe          |    62 |     6 |       |       ||    68
       Headbutt          |    10 |    26 |    81 |    50 ||   167
       Dagger            |       |   137 |   308 |       ||   445
       War axe           |       |    34 |     6 |       ||    40
       Great sword       |       |       |    41 |   161 ||   202
       Long sword        |       |       |       |   101 ||   101
Invok: Berserk           |       |     2 |     6 |     2 ||    10
  Use: Scroll            |     4 |     6 |    13 |     2 ||    25
       Potion            |       |     1 |       |     1 ||     2
 Stab: Distracted        |       |       |       |     2 ||     2
Armor: Animal skin       |    15 |    22 |       |       ||    37
       Chain mail        |       |       |   143 |    52 ||   195
       Plate armour      |       |       |       |    36 ||    36
Dodge: Dodged            |    47 |    81 |   147 |    95 ||   370
Block: Other             |       |       |    24 |    39 ||    63
       Reflection        |       |       |     1 |       ||     1
       Kite shield       |       |       |       |    64 ||    64
       Rpst.: Great sword |       |       |     4 |    22 ||    26
       Long sword        |       |       |       |     5 ||     5
